 Dungeon Crawl Stone Soup version 0.26-a0-491-g70697cc071 (webtiles) character file.

Game seed: 7508697805733504893

151 ANON1729 the Covert (level 5, -2/50 HPs)
             Began as a Naga Delver on Aug 5, 2020.
             Hit by a stone thrown by a gnoll (3 damage)
             ... on level 4 of the Dungeon.
             The game lasted 00:03:47 (1193 turns).

ANON1729 the Covert (Naga Delver)                   Turns: 1193, Time: 00:03:47

Health: -2/50      AC:  5    Str: 15    XL:     5   Next: 33%
Magic:  5/5        EV: 10    Int: 11    God:
Gold:   20         SH:  0    Dex: 12    Spells: 4/4 levels left

rFire    . . .     SeeInvis +   a - +0 falchion
rCold    . . .     Faith    .   (no shield)
rNeg     . . .     Spirit   .   m - +1 steam dragon scales
rPois    +         Reflect  .   i - +0 helmet
rElec    .         Harm     .   (no cloak)
rCorr    .                      n - -2 pair of gloves (curse)
MR       .....                  (no barding)
Stlth    ++++......             (no amulet)
HPRegen  0.16/turn              (no ring)
MPRegen  0.09/turn              (no ring)

@: hasted, quick
A: large, see invisible, deformed body, poison resistance, slowness 2, spit
poison 1, AC +1
a: Spit Poison


You were on level 4 of the Dungeon.
You visited 1 branch of the dungeon, and saw 2 of its levels.

You collected 20 gold pieces.

Inventory:

Hand Weapons
 a - a +0 falchion (weapon)
Armour
 b - a +0 leather armour
 i - a +0 helmet (worn)
 m - +1 steam dragon scales (worn)
 n - a cursed -2 pair of gloves (worn)
Wands
 g - a wand of digging (2)
Scrolls
 c - a scroll of fog
 d - a scroll of magic mapping
 e - a scroll of fear
 j - a scroll of teleportation
Potions
 f - a potion of haste
 h - a potion of degeneration {unknown}
 k - a potion of mutation {unknown}


   Skills:
 + Level 3.9 Fighting
 + Level 3.1 Long Blades
 + Level 2.5 Dodging
 + Level 8.3 Stealth


You had 4 spell levels left.
You didn't know any spells.
Your spell library was empty.

Dungeon Overview and Level Annotations

Branches:
Dungeon (5/15)
 Temple: D:4-7

Altars:

Shops:
D:4 =   D:5 ?}


Innate Abilities, Weirdness & Mutations

You cannot wear boots.
Your serpentine skin is tough. (AC +1)
You have supernaturally acute eyesight. (SInv)
Armour fits poorly on your strangely shaped body.
Your system is resistant to poisons. (rPois)
You cover ground very slowly.
You can spit poison.


Message History

The gnoll hits you from afar with a +0 spear.
Press: ? - help, Shift-Dir - straight line, f - worker ant
Aim: a worker ant The splash of poison hits the jackal.
The jackal is poisoned.
The jackal is lightly wounded.
The jackal bites you but does no damage.
The gnoll hits you from afar with a +0 spear.
* * * LOW HITPOINT WARNING * * *
The jackal closely misses you. The jackal misses you.
The gnoll hits you from afar with a +0 spear.
* * * LOW HITPOINT WARNING * * *
You feel yourself speed up. The jackal misses you.
The gnoll hits you from afar with a +0 spear!
* * * LOW HITPOINT WARNING * * *
You have got your breath back.
The jackal barely misses you.
You riposte.
You hit the jackal.
You kill the jackal!
The gnoll throws a stone.
The stone hits you.
You die...

#######.#..#.#
#.#..#.###.#
#..........
###....### ##.#.#
#)#.# ########)..#
..)........# #.#
#########@.##### #.#
###..†.....# #.#
#......g##.#.# #.#
##....g##....# #.#
##.....##h....## #.#
##....##...##...# #.#
#.(..#....... .#.#
#>###...#....##.. ##
.
####.##....#.........


You could see 2 gnolls and a jackal.

Vanquished Creatures
  A scorpion (D:4)
  A bullfrog skeleton (D:4)
  2 worker ants (D:4)
  A gnoll (D:4)
  A leopard gecko (D:4)
  An orc (D:4)
  10 jackals
  A quokka (D:4)
  A quokka skeleton (D:4)
19 creatures vanquished.

Notes
Turn   | Place    | Note
-------+----------+-------------------------------------------
     0 | D:5      | ANON1729 the Naga Delver began the quest for the Orb.
     0 | D:5      | Reached XP level 1. HP: 21/21 MP: 1/1
     8 | D:5      | Noticed a scorpion
     8 | D:5      | Noticed an orc priest
    55 | D:5      | Noticed a worker ant
    98 | D:4      | Noticed a scorpion
   115 | D:4      | Killed a scorpion
   115 | D:4      | Reached XP level 2. HP: 6/28 MP: 2/2
   115 | D:4      | Reached XP level 3. HP: 7/34 MP: 3/3
   452 | D:4      | Found Qizaerodd's Jewellery Shop.
   548 | D:4      | Reached XP level 4. HP: 14/42 MP: 4/4
   777 | D:5      | Found Nacrecko's Magic Scroll Shoppe.
   778 | D:5      | Noticed an ogre
   893 | D:5      | Found Seasurph's Gadget Shop.
   962 | D:4      | Reached skill level 8 in Stealth
  1057 | D:4      | Reached XP level 5. HP: 40/50 MP: 5/5
  1191 | D:4      | HP: 1/50 [gnoll/+0 spear (10)]
  1193 | D:4      | Hit by a stone thrown by a gnoll

Illustrated notes

Levels and vault maps discovered:
D:4:      layout_loops_ring, serial_shops, shop, hangedman_decor_peaks_small,
          nicolae_underground_beach, uniq_duvessa, uniq_eustachio
D:5:      layout_cave_pods, serial_shops, shop, nicolae_shop_waterfront,
          shop_statue, shop, due_unseen_surprise, uniq_prince_ribbit1,
          uniq_edmund

Skill      XL: |  1  2  3  4 |
---------------+-------------+-----
Dodging        | 2 |  2.5
Stealth        | 8 |  8.3
Long Blades    | 3 |  3.1
Fighting       | |  3.9

Action                   |  1- 3 |  4- 6 || total
-------------------------+-------+-------++-------
Melee: Falchion          |    19 |    46 ||    65
 Abil: Spit Poison       |     5 |     4 ||     9
Evoke: Wand              |     1 |       ||     1
  Use: Potion            |     2 |     1 ||     3
       Scroll            |       |     3 ||     3
 Stab: Sleeping          |     1 |       ||     1
Armor: Leather armour    |     4 |       ||     4
       Steam dragon scal |       |    28 ||    28
Dodge: Dodged            |    13 |    30 ||    43
       Rpst.: Falchion   |     3 |    12 ||    15

Table legend: (Time is in decaauts)
 A = Elapsed time spent in this place.
 B = Non-inter-level travel time spent in this place.
 C = Inter-level travel time spent in this place.
 D = Time resting spent in this place.
 E = Time spent auto-exploring this place.
 F = Levels seen in this place.
 G = Mean time per level.
                   A        B        C        D        E       F      G
               +--------+--------+--------+--------+--------+-----+--------+
         Total |   1351 |   1324 |     27 |    699 |    270 |   2 |  675.5 |
       Dungeon |   1351 |   1324 |     27 |    699 |    270 |   2 |  675.5 |
               +--------+--------+--------+--------+--------+-----+--------+

Top non-repeatable levels by time:
     D:4: 1070 daAuts
     D:5: 281 daAuts
